[Event "Runavik Open 2018"]
[Site "Runavik"]
[Date "2018.11.17"]
[Round "7"]
[White "Fjallheim, Benjamin Reinert"]
[Black "Jacobsen, Heidrikur T."]
[Result "0-1"]
[ECO "E90"]
[WhiteElo "1340"]
[BlackElo "1935"]
[Annotator "NA RC"]
[PlyCount "122"]
[EventDate "2018.11.12"]
[EventType "swiss"]
[EventCountry "FAI"]
[SourceTitle "playchess.com"]
[Source "ChessBase"]
[SourceQuality "1"]
[TimeControl "40/5400+30:900+30"]

1. e4 g6 2. d4 Bg7 3. Nf3 d6 4. c4 Nf6 5. Nc3 O-O 6. Bg5 c6 7. Qd2 {[%emt 0:08:35] LiveBook: 3 Games E90: King's Indian: Classical: Early deviations and 6 h3} Qc7 (7... Nbd7 8. Bd3 a6 9. O-O b5 10. Bh6 e5 11. Bxg7 Kxg7 12. b3 Bb7 13. Rfe1 Re8 14. Bc2 bxc4 15. bxc4 exd4 16. Nxd4 {1-0 (48) Aleksandrov,A (2609)-Harutjunyan,G (2464) Izhevsk 2011}) 8. Bd3 e5 9. d5 Na6 10. Bh6 (10. O-O $14 {keeps the upper hand.}) 10... Nc5 11. Bxg7 Kxg7 12. b4 $146 (12. Bc2 $11 {keeps the balance.}) ({Predecessor:} 12. O-O Bg4 13. Ne1 Qe7 14. h3 Bd7 {1-0 (34) Weller,M (1593)-Gahn,J (1379) Willingen 2003}) 12... Nxd3+ 13. Qxd3 a5 14. b5 c5 15. Na4 b6 16. O-O-O Rb8 17. h3 Nh5 18. g4 Nf4 19. Qd2 Qe7 20. Nc3 f5 21. gxf5 gxf5 22. Rdg1+ Kh8 23. Rg3 (23. Qe3 $11) 23... fxe4 24. Nxe4 Bf5 25. Qe3 $1 h6 (25... Bxe4 $15 26. Qxe4 Nh5) 26. h4 Rbd8 27. Rhg1 Rg8 28. Rxg8+ Rxg8 29. Rxg8+ Kxg8 30. Ng3 (30. Kb2 $17 {was necessary.}) 30... Bd3 31. Nh5 {[%emt 0:03:58] [#]} Nxh5 (31... Qf7 $1 $17 32. Nxf4 Qxf4 33. Qxf4 exf4) 32. Qxd3 Qf6 33. Nd2 Nf4 34. Qg3+ Kf7 35. Kd1 Qf5 36. Qe3 $1 Qh5+ 37. Nf3 Qf5 38. Nd2 Qh5+ 39. Nf3 Kf6 40. Kc1 {[%emt 0:00:00] [#]} Kf5 $1 41. Kd2 $2 (41. Nd2 {was necessary.} Qe2 42. Qxe2 Nxe2+ 43. Kc2) 41... Ng2 42. Qb3 $2 (42. Qe2 Qg4 43. Ng1) 42... Qg4 43. Kc1 Nxh4 44. Qd3+ e4 45. Nxh4+ Qxh4 46. Qf1 Qf4+ 47. Kc2 Qf3 48. Qg1 Qd3+ 49. Kb2 a4 50. Qg8 a3+ 51. Kc1 Qxc4+ 52. Kd1 Qf1+ 53. Kc2 Qxf2+ $19 (53... Qe2+ $142 54. Kc1 Qb2+ 55. Kd1 Qb1+ 56. Ke2 Qxb5+ 57. Kd2 Qb4+ 58. Ke2 Qb5+ 59. Kd2 Qd3+ 60. Ke1 Qb1+ {[%mdl 64] Double Attack} 61. Ke2 Qxa2+ 62. Kf1 Qa1+ 63. Kg2 Qf6 64. Qc8+ Ke5 65. Kf1 Kd4 66. Qe8 Qf3 67. Qa4+ c4 68. Ke1 Qc3+ 69. Kf1 Qb2 70. Qd7 Qb1+ 71. Kg2 a2 72. Qg7+ Kxd5 73. Qb7+ Kd4 74. Qg7+ Kd3 75. Qg3+ Kc2 76. Qg4 a1=Q 77. Qxe4+ Kb3 78. Qe3+ Ka4 79. Qe8+ Kb4 80. Qh5 Qg1+ 81. Kf3 Qd4 82. Qh4 Qxh4 83. Ke3 Qgxf2#) 54. Kc1 e3 55. Qf7+ Kg4 56. Qg6+ Kf3 57. Qh5+ Ke4 58. Qg6+ Kd4 59. Qg4+ Kc3 60. Qg7+ Kb4 61. Qg4+ Ka5 0-1

[Event "Runavik Open 2018"]
[Site "Runavik"]
[Date "2018.11.17"]
[Round "8"]
[White "Pinheiro Diamant, Jonatan"]
[Black "Berg, Margar M."]
[Result "1-0"]
[ECO "B92"]
[WhiteElo "1789"]
[BlackElo "1852"]
[Annotator "NA RC"]
[PlyCount "81"]
[EventDate "2018.11.12"]
[EventType "swiss"]
[EventCountry "FAI"]
[SourceTitle "playchess.com"]
[Source "ChessBase"]
[SourceQuality "1"]
[TimeControl "40/5400+30:900+30"]

1. e4 c5 2. Nf3 d6 3. d4 cxd4 4. Nxd4 Nf6 5. Nc3 a6 6. Be2 e5 7. Nb3 Be6 8. Be3 Nbd7 9. O-O Rc8 {[%emt 0:01:07] B92: Sicilian Najdorf: 6 Be2} (9... Be7 10. Qd2 O-O 11. a4 Nc5 12. Nxc5 dxc5 13. Qxd8 Rfxd8 14. f3 c4 15. Kf2 Rac8 16. a5 Kf8 17. Na4 Nd7 18. Rfd1 Bb4 19. Nc3 Bc5 20. Ra4 Bxe3+ 21. Kxe3 {1-0 (49) Leko,P (2755)-Anand,V (2801) Moscow 2007}) 10. f4 b5 11. f5 Bc4 12. Nd2 $146 ({Predecessor:} 12. Bd3 Qc7 13. a3 Be7 14. Qf3 O-O 15. Rad1 Rfd8 16. g4 Kh8 17. g5 Ng8 18. Bxc4 bxc4 {1-0 (48) Malanova,A (1892)-Shagdyrov,V Ulan Ude 2012}) 12... Nb6 13. g4 h6 14. Bd3 d5 15. g5 d4 16. gxf6 dxe3 17. Nxc4 bxc4 18. fxg7 Rg8 19. Kh1 Rxg7 20. f6 Rg5 (20... Rg6 $5 21. Be2 $8 Bc5 $11) 21. Be2 Qd4 22. Qe1 Nd7 $2 (22... Qd2 $14) 23. Rb1 Qd6 24. Nd5 Nc5 25. Nxe3 Nxe4 26. Nf5 $2 (26. Rd1 $16 Qe6 27. Qh4 Nxf6 28. Bxc4 Qc6+ 29. Nd5) 26... Qxf6 27. Bf3 Rxf5 28. Qxe4 Rf4 29. Qb7 Qe6 30. Rbe1 Be7 $2 {[%emt 0:01:46] [#]} (30... Bc5 $16 {is tougher.}) 31. Rxe5 $1 Qd7 32. Qxa6 f6 (32... Rxf3 $142 33. Rxf3 Qc6 34. Qxc6+ Rxc6) 33. Bh5+ {[%emt 0:01:16] Discovered Attack (Double check)} Kd8 34. Qa5+ Rc7 35. Qa8+ Rc8 36. Qa5+ Rc7 37. Rxf4 fxe5 38. Qxe5 Rc5 39. Qb8+ Rc8 40. Qb6+ {[%emt 0:00:00] Double Attack} Qc7 $18 41. Rd4+ 1-0

[Event "Runavik Open 2018"]
[Site "Runavik"]
[Date "2018.11.17"]
[Round "8"]
[White "Olsen, Kaj"]
[Black "Jacobsen, Markus"]
[Result "1-0"]
[ECO "C10"]
[WhiteElo "1718"]
[BlackElo "1076"]
[Annotator "NA"]
[PlyCount "71"]
[EventDate "2018.11.12"]
[EventType "swiss"]
[EventCountry "FAI"]
[SourceTitle "playchess.com"]
[Source "ChessBase"]
[SourceQuality "1"]
[TimeControl "40/5400+30:900+30"]

1. e4 e6 2. d4 d5 3. Nc3 c5 4. e5 Nc6 5. Be3 c4 6. f4 Bb4 7. a3 Ba5 8. Nf3 Nge7 9. Be2 O-O 10. O-O Nf5 11. Qd2 f6 12. b3 cxb3 13. cxb3 Nce7 14. Bf2 fxe5 15. dxe5 Ng6 16. g3 Qd7 17. b4 Bb6 18. Bxb6 axb6 19. Nd4 Nge7 20. Bg4 g6 21. Qd3 h5 22. Bxf5 exf5 23. Ndb5 Kh8 24. Qd4 Kh7 25. Qxb6 Rg8 26. Qd6 g5 27. Qxd7 Bxd7 28. Nc7 Rad8 29. N7xd5 Nxd5 30. Nxd5 Bb5 31. Rfd1 Kh6 32. Nf6 Rxd1+ 33. Rxd1 Rg6 34. Kf2 gxf4 35. gxf4 Bc6 36. Rg1 1-0

[Event "Runavik Open 2018"]
[Site "Runavik"]
[Date "2018.11.17"]
[Round "8"]
[White "Nielsen, Jon I Horni"]
[Black "Apol, Luitjen Akselsson"]
[Result "1/2-1/2"]
[ECO "B90"]
[WhiteElo "1710"]
[BlackElo "1735"]
[Annotator "NA RC"]
[PlyCount "126"]
[EventDate "2018.11.12"]
[EventType "swiss"]
[EventCountry "FAI"]
[SourceTitle "playchess.com"]
[Source "ChessBase"]
[SourceQuality "1"]
[TimeControl "40/5400+30:900+30"]

1. e4 c5 2. Nf3 d6 3. d4 cxd4 4. Nxd4 Nf6 5. Nc3 a6 6. Be3 e5 7. Nb3 Be6 8. f3 b5 9. Qd2 Nbd7 10. O-O-O Nb6 11. Kb1 Be7 12. g4 Rc8 13. h4 Nfd7 14. g5 O-O 15. Be2 f5 16. gxf6 Nxf6 17. Rdg1 d5 18. Bxb6 Qxb6 19. exd5 Bd7 20. h5 Nxh5 21. Bd3 Be8 22. Qg2 Bf6 23. Qg4 Rc7 24. Rg2 Qd6 25. Rxh5 Bxh5 26. Qxh5 g6 27. a3 Bg7 28. Qg4 Rf4 29. Qh3 Qe7 30. Be4 Qh4 31. Qxh4 Rxh4 32. Rd2 Bf8 33. d6 Rd7 34. Nc5 Rxd6 35. Rxd6 Bxd6 36. Nxa6 b4 37. axb4 g5 38. Nd5 h5 39. c4 g4 40. fxg4 hxg4 41. Ne3 g3 42. Bd5+ Kf8 43. Nf5 Rg4 44. Nxd6 e4 45. Bxe4 Rxe4 46. Nxe4 g2 47. Ka2 g1=Q 48. Nac5 Qe3 49. b3 Qe1 50. b5 Qb4 51. Na4 Ke7 52. b6 Ke6 53. b7 Kd7 54. Nac5+ Kc6 55. Kb2 Qb6 56. Kc3 Qa5+ 57. Kb2 Qb6 58. Nf6 Qc7 59. Nfd7 Qh2+ 60. Ka3 Qh8 61. b8=Q Qa1+ 62. Kb4 Qe1+ 63. Ka4 Qe6 1/2-1/2

[Event "Runavik Open 2018"]
[Site "Runavik"]
[Date "2018.11.17"]
[Round "8"]
[White "Tummasarson, Flovin M."]
[Black "Nielsen, Suni I Horni"]
[Result "1-0"]
[ECO "C50"]
[WhiteElo "1378"]
[BlackElo "1563"]
[Annotator "NA"]
[PlyCount "111"]
[EventDate "2018.11.12"]
[EventType "swiss"]
[EventCountry "FAI"]
[SourceTitle "playchess.com"]
[Source "ChessBase"]
[SourceQuality "1"]
[TimeControl "40/5400+30:900+30"]

1. e4 e5 2. Nf3 Nc6 3. Bc4 Bc5 4. d3 h6 5. Nc3 d6 6. Be3 Bb6 7. Qd2 Nf6 8. h3 Be6 9. Bxe6 fxe6 10. O-O-O d5 11. Bxb6 axb6 12. Kb1 d4 13. Ne2 Qd6 14. g4 Ra5 15. g5 hxg5 16. Qxg5 Qe7 17. Rdg1 Rg8 18. Rg3 Qc5 19. Nc1 Nb4 20. Qd2 Qb5 21. Rg5 Nd7 22. Nxd4 Qa4 23. Ndb3 Ra6 24. a3 Nc6 25. f4 Nd4 26. Nxd4 Qxd4 27. Nb3 Qd6 28. Rhg1 exf4 29. Rxg7 Rxg7 30. Rxg7 Qe5 31. Rg4 f3 32. Qf4 Qxf4 33. Rxf4 e5 34. Rxf3 b5 35. Rf5 Re6 36. Nd2 Ke7 37. h4 Rh6 38. Nf3 Kd6 39. Ka2 c5 40. b4 b6 41. Kb3 Rh7 42. h5 Rh6 43. Rg5 Nf8 44. Nxe5 Ke6 45. Ng4 Rh7 46. bxc5 bxc5 47. c4 Rb7 48. Rxc5 bxc4+ 49. Kxc4 Nd7 50. Rb5 Rc7+ 51. Kb3 Nc5+ 52. Kc4 Nxe4+ 53. Kd4 Ng3 54. Rb6+ Kf7 55. Ne5+ Kg7 56. Rg6+ 1-0

[Event "Runavik Open 2018"]
[Site "Runavik"]
[Date "2018.11.17"]
[Round "8"]
[White "Fjallheim, Benjamin Reinert"]
[Black "Skaale, Janus"]
[Result "0-1"]
[ECO "B76"]
[WhiteElo "1340"]
[BlackElo "1839"]
[Annotator "NA"]
[PlyCount "38"]
[EventDate "2018.11.12"]
[EventType "swiss"]
[EventCountry "FAI"]
[SourceTitle "playchess.com"]
[Source "ChessBase"]
[SourceQuality "1"]
[TimeControl "40/5400+30:900+30"]

1. e4 c5 2. Nf3 d6 3. d4 cxd4 4. Nxd4 Nf6 5. Nc3 g6 6. f3 Bg7 7. Be3 Nc6 8. Qd2 O-O 9. O-O-O d5 10. Nxc6 bxc6 11. Bh6 Bxh6 12. Qxh6 Qa5 13. exd5 cxd5 14. h4 Rd8 15. Kb1 Be6 16. Rd4 Rdc8 17. Qe3 Rab8 18. Ka1 Bf5 19. Ra4 Rxc3 0-1

[Event "Runavik Open 2018"]
[Site "Runavik"]
[Date "2018.11.17"]
[Round "8"]
[White "Petersen, Elias"]
[Black "Fjallheim, Leif Reinert"]
[Result "0-1"]
[ECO "C50"]
[WhiteElo "1045"]
[BlackElo "1919"]
[Annotator "NA"]
[PlyCount "34"]
[EventDate "2018.11.12"]
[EventType "swiss"]
[EventCountry "FAI"]
[SourceTitle "playchess.com"]
[Source "ChessBase"]
[SourceQuality "1"]
[TimeControl "40/5400+30:900+30"]

1. e4 e5 2. Nf3 Nc6 3. Bc4 Bc5 4. O-O d6 5. h3 Nf6 6. d3 h6 7. a3 g5 8. Kh2 g4 9. Ne1 gxh3 10. gxh3 Ng4+ 11. hxg4 Qh4+ 12. Kg1 Qg3+ 13. Kh1 Qh3+ 14. Kg1 Bxg4 15. Qd2 Qg3+ 16. Ng2 Bf3 17. a4 Qxg2# 0-1

[Event "Runavik Open 2018"]
[Site "Runavik"]
[Date "2018.11.18"]
[Round "9"]
[White "Fjallheim, Leif Reinert"]
[Black "Nielsen, Jon I Horni"]
[Result "0-1"]
[ECO "C70"]
[WhiteElo "1919"]
[BlackElo "1710"]
[Annotator "NA RC"]
[PlyCount "122"]
[EventDate "2018.11.12"]
[EventType "swiss"]
[EventCountry "FAI"]
[SourceTitle "playchess.com"]
[Source "ChessBase"]
[SourceQuality "1"]
[TimeControl "40/5400+30:900+30"]

1. e4 e5 2. Nf3 Nc6 3. Bb5 a6 4. Ba4 b5 5. Bb3 Nf6 6. Qe2 Bc5 7. c3 d6 8. d3 h6 9. O-O {[%emt 0:02:19] LiveBook: 11 Games} O-O 10. h3 {[%emt 0:01:11] C77: Ruy Lopez: 3...a6 4 Ba4 Nf6, unusual lines} Be6 11. Bc2 Re8 12. Rd1 d5 (12... Bb6 13. Nbd2 d5 14. Nf1 Qd7 15. Kh2 Rad8 {1-0 (36) Bortnyk,O (2610)-Sargissian,G (2672) Riadh 2017}) 13. Nbd2 d4 14. Nf1 $146 ({Predecessor:} 14. c4 Nd7 15. a3 Bf8 16. b4 Qb8 17. Rb1 {½-½ (55) Ahmadzada,A (2025)-Drenchev,P (2465) Varna 2015}) 14... Qd7 15. Ng3 Rad8 16. Bd2 Nh7 17. cxd4 Nxd4 18. Nxd4 Bxd4 19. Bc3 c5 20. Bb3 g6 21. Bxd4 Qxd4 22. Qc2 Nf6 23. Ne2 Qd6 24. Bxe6 Rxe6 25. Rac1 Nd7 26. Qd2 Kh7 27. Qe3 Rf6 28. Rc2 Rc8 29. Rdc1 Qe6 30. b3 Qe7 31. Nc3 Rfc6 32. Nd5 Qd6 33. Qf3 Kg7 34. Qg3 Nf6 35. Ne3 Kh7 36. Rc3 Nh5 37. Qf3 Nf4 38. Kh2 Kg7 39. Nc2 b4 40. Rc4 a5 ({Much worse is} 40... Nxd3 $6 41. Rd1 $14) 41. Ne1 Ne6 42. Qe3 Nd4 43. Nf3 f5 44. Kh1 (44. Nxd4 $11 cxd4 45. Qe2) 44... f4 45. Qd2 Nxf3 46. gxf3 Kf6 47. Kg2 Kg5 48. Qe2 Kh4 49. Kh2 $17 Qd7 50. Qf1 g5 51. R4c2 h5 52. Rd1 g4 53. hxg4 hxg4 54. Qg2 Rg8 55. Rh1 Kg5 56. Kg1 Kf6 57. Rh6+ Kf7 58. Rh7+ Rg7 59. Rxg7+ Kxg7 60. fxg4 Qxd3 61. f3 Qd1+ 0-1

[Event "Runavik Open 2018"]
[Site "Runavik"]
[Date "2018.11.18"]
[Round "9"]
[White "Berg, Margar M."]
[Black "Hojgaard, Brandur"]
[Result "1-0"]
[ECO "A45"]
[WhiteElo "1852"]
[BlackElo "1708"]
[Annotator "NA RC"]
[PlyCount "59"]
[EventDate "2018.11.12"]
[EventType "swiss"]
[EventCountry "FAI"]
[SourceTitle "playchess.com"]
[Source "ChessBase"]
[SourceQuality "1"]
[TimeControl "40/5400+30:900+30"]

1. d4 Nf6 2. Bg5 e6 3. e4 h6 4. Bxf6 Qxf6 5. e5 Qd8 6. Bd3 {[%emt 0:00:27] A45: Trompowsky Attack} d5 7. Ne2 c5 8. c3 Nc6 9. O-O Bd7 10. f4 $146 ({Predecessor:} 10. Nd2 $15 Qb6 11. Nf3 cxd4 12. Nexd4 Nxd4 13. Nxd4 Qxb2 14. Rb1 Qxc3 15. Rxb7 Bc5 16. Bb5 Bxd4 17. Bxd7+ {1-0 (19) Bacallao Alonso,Y (2522)-Dvirnyy,D (2560) Havana 2014}) 10... Qb6 11. Qb3 ({Better is} 11. Nd2 $15) 11... Qxb3 12. axb3 cxd4 13. cxd4 {[%emt 0:04:33] [#]} Nb4 (13... Nxd4 $1 $19 {[%mdl 512] and Black stays clearly on top.} 14. Nxd4 Bc5) 14. Rf3 Nxd3 15. Rxd3 Bb4 16. Nbc3 Bc6 17. h3 Kd7 18. Ng3 g6 19. Nf1 a5 20. Ne3 Be7 21. g4 b5 22. f5 gxf5 23. gxf5 Rhg8+ 24. Kh2 f6 25. Re1 b4 26. fxe6+ Kxe6 27. Ne2 fxe5 (27... Kd7 $1 $11) 28. dxe5 $16 Kxe5 $2 (28... Kd7 $16) 29. Nd4 Bd6 30. Nef5+ 1-0

[Event "Runavik Open 2018"]
[Site "Runavik"]
[Date "2018.11.18"]
[Round "9"]
[White "Skaale, Janus"]
[Black "Jacobsen, Heidrikur T."]
[Result "0-1"]
[ECO "C50"]
[WhiteElo "1839"]
[BlackElo "1935"]
[Annotator "NA"]
[PlyCount "78"]
[EventDate "2018.11.12"]
[EventType "swiss"]
[EventCountry "FAI"]
[SourceTitle "playchess.com"]
[Source "ChessBase"]
[SourceQuality "1"]
[TimeControl "40/5400+30:900+30"]

1. e4 e5 2. Nf3 Nc6 3. Bc4 Nf6 4. d3 Bc5 5. c3 d6 6. Nbd2 O-O 7. O-O Bb6 8. Bb3 Ne7 9. Nc4 {[%emt 0:11:11] C54: Giuoco Piano: 4 c3 Nf6, main lines with 5 d4 and 5 d3} Ng6 (9... Be6 10. Re1 h6 11. a3 Ng6 12. Bc2 Bg4 13. h3 Bh5 14. Be3 Nh4 15. Ncd2 Nh7 16. g4 Bg6 17. Nxh4 Qxh4 18. Kg2 Ng5 19. Rh1 f5 20. exf5 {½-½ (20) Zhigalko,S (2671)-Andreikin,D (2737) Tallinn 2016}) 10. Be3 Bg4 $146 ({Predecessor:} 10... h6 11. h3 Re8 12. Qd2 Bxe3 13. fxe3 c6 14. Qf2 d5 {½-½ (48) Cubas,J (2434)-Morovic Fernandez,I (2551) Asuncion 2009}) 11. h3 Be6 12. Nxb6 axb6 13. Qc2 Qd7 14. Ng5 Bxb3 15. Qxb3 h6 16. Nf3 Nh5 17. d4 Rae8 18. dxe5 dxe5 19. Qd5 Qxd5 20. exd5 f5 21. Rfd1 f4 22. Bc1 Nf6 23. c4 $1 Ne4 24. Nd2 (24. a4 $11) 24... Nxd2 25. Bxd2 e4 26. Re1 Nh4 27. Kh1 g5 28. Rad1 Nf5 $15 29. Bb4 Rf6 30. a4 e3 31. fxe3 fxe3 32. g4 Nh4 33. Bc3 Rf2 34. Rd2 Rxd2 35. Bxd2 exd2 36. Rxe8+ Kf7 37. Re2 d1=Q+ 38. Kh2 Qxe2+ 39. Kg3 Qg2# 0-1

[Event "Runavik Open 2018"]
[Site "Runavik"]
[Date "2018.11.18"]
[Round "9"]
[White "Apol, Luitjen Akselsson"]
[Black "Fjallheim, Benjamin Reinert"]
[Result "1/2-1/2"]
[ECO "C96"]
[WhiteElo "1735"]
[BlackElo "1340"]
[Annotator "NA RC"]
[PlyCount "129"]
[EventDate "2018.11.12"]
[EventType "swiss"]
[EventCountry "FAI"]
[SourceTitle "playchess.com"]
[Source "ChessBase"]
[SourceQuality "1"]
[TimeControl "40/5400+30:900+30"]

1. e4 e5 2. Nf3 Nc6 3. Bb5 a6 4. Ba4 b5 5. Bb3 Nf6 6. O-O Be7 7. Re1 O-O 8. c3 d6 9. h3 Na5 10. Bc2 c5 11. d3 Be6 12. Nbd2 h6 13. Nf1 Nc6 14. Ng3 Qb6 15. Nh2 b4 16. Ng4 Nxg4 17. hxg4 g5 18. Nf5 Bxf5 19. gxf5 a5 20. Re3 Kg7 21. Rh3 Rh8 22. Bd2 Nb8 23. Ba4 Qc7 24. Rc1 bxc3 25. bxc3 Nd7 26. Rb1 Nf6 27. Qc2 Rab8 28. Bb5 Rb7 29. Re3 Rhb8 30. a4 Nd7 31. Ree1 Nb6 32. Be3 Rh8 33. Qd2 f6 34. f3 h5 35. d4 h4 36. Rbd1 Rbb8 37. Kh2 Rh7 38. Rh1 Rbh8 39. Kg1 Kf8 40. dxc5 dxc5 41. Qa2 Qc8 42. Qb3 c4 43. Qa2 Bc5 44. Qf2 Bxe3 45. Qxe3 Qc7 46. Qd2 Qc5+ 47. Qf2 Qxf2+ 48. Kxf2 Ke7 49. Rd2 Rd8 50. Rhd1 Rhh8 51. Rxd8 Rxd8 52. Rxd8 Kxd8 53. g3 hxg3+ 54. Kxg3 Ke7 55. Kg4 Kf7 56. Kh5 Kg7 57. Bc6 Nc8 58. Bd7 Nd6 59. Bb5 Kh7 60. Bd7 Nb7 61. Bc6 Nc5 62. Bb5 Kg7 63. Kg4 Kh6 64. Kg3 Kh5 65. Be8+ 1/2-1/2

[Event "Runavik Open 2018"]
[Site "Runavik"]
[Date "2018.11.18"]
[Round "9"]
[White "Olsen, Kaj"]
[Black "Tummasarson, Flovin M."]
[Result "0-1"]
[ECO "C64"]
[WhiteElo "1718"]
[BlackElo "1378"]
[Annotator "NA RC"]
[PlyCount "86"]
[EventDate "2018.11.12"]
[EventType "swiss"]
[EventCountry "FAI"]
[SourceTitle "playchess.com"]
[Source "ChessBase"]
[SourceQuality "1"]
[TimeControl "40/5400+30:900+30"]

1. e4 e5 2. Nf3 Nc6 3. Bb5 Bc5 4. O-O Nd4 5. Bc4 Nxf3+ 6. Qxf3 Nf6 7. d3 O-O 8. Bg5 Be7 9. Nc3 d6 10. Qg3 Nh5 11. Qf3 Bxg5 12. Qxh5 Be6 13. Bxe6 fxe6 14. Qg4 Qe7 15. Ne2 Rf7 16. g3 Raf8 17. d4 exd4 18. Nxd4 Bf6 19. c3 Bxd4 20. cxd4 e5 21. d5 Rf6 22. Rac1 Qf7 23. Rc2 h6 24. Qe2 Rc8 25. Rfc1 Qd7 26. Qc4 Kh8 27. Qb4 c6 28. dxc6 bxc6 29. Qa4 Qb7 30. b4 Rb8 31. Rxc6 Qxb4 32. Qxa7 Rb7 33. Qe3 Rbf7 34. R6c2 Rf3 35. Qe1 Qa4 36. Re2 Ra3 37. Rcc2 Ra7 38. Qd2 Qd7 39. Re3 R3a4 40. Rd3 Qf7 41. Rxd6 Rxa2 42. Rxa2 Rxa2 43. Qd5 Qxf2+ 0-1

[Event "Runavik Open 2018"]
[Site "Runavik"]
[Date "2018.11.18"]
[Round "9"]
[White "Jacobsen, Markus"]
[Black "Nielsen, Suni I Horni"]
[Result "1/2-1/2"]
[ECO "C57"]
[WhiteElo "1076"]
[BlackElo "1563"]
[Annotator "NA"]
[PlyCount "66"]
[EventDate "2018.11.12"]
[EventType "swiss"]
[EventCountry "FAI"]
[SourceTitle "playchess.com"]
[Source "ChessBase"]
[SourceQuality "1"]
[TimeControl "40/5400+30:900+30"]

1. e4 e5 2. Nf3 Nc6 3. Bc4 Nf6 4. Ng5 d5 5. exd5 Nxd5 6. d3 Be7 7. Nxf7 Kxf7 8. Qf3+ Bf6 9. Bxd5+ Be6 10. Bxc6 bxc6 11. Qxc6 Bd5 12. Qa4 Bxg2 13. Rg1 Bb7 14. Nc3 Bd5 15. Nxd5 Qxd5 16. Bg5 e4 17. Qc4 Qxc4 18. dxc4 Bxb2 19. Rd1 c5 20. Rd7+ Ke6 21. Re7+ Kf5 22. Be3 Rhc8 23. Rg5+ Kf6 24. Rexg7 Rab8 25. Rxh7 Bc3+ 26. Ke2 Rb1 27. Rh6+ Kf7 28. Bd2 Bxd2 29. Kxd2 Ra1 30. Ra6 Rc7 31. Rh5 Kg7 32. Rg5+ Kh7 33. Rh5+ Kg7 1/2-1/2